 Dungeon Sprint DCSS version 0.26-a0-720-g2a1d101370 (webtiles) character file.

Game seed: 3407991647337983116

7 mhtbhm the Chopper (level 1, -6/22 HPs)
             Began as a Minotaur Berserker on Nov 3, 2020.
             Was a Believer of Trog.
             Mangled by a gnoll
             ... wielding a +0 club
              (8 damage)
             ... in the Dungeon (Sprint VII: "The Pits").
             The game lasted 00:00:18 (92 turns).

mhtbhm the Chopper (Minotaur Berserker)               Turns: 92, Time: 00:00:18

Health: -6/22      AC:  2    Str: 21    XL:     1   Next: 91%
Magic:  0/0        EV: 12    Int:  4    God:    Trog [**....]
Gold:   0          SH:  0    Dex:  9    Spells: 0/0 levels left

rFire    . . .     SeeInvis .   a - +2 hand axe
rCold    . . .     Faith    .   (no shield)
rNeg     . . .     Spirit   .   b - +0 animal skin
rPois    .         Reflect  .   (helmet restricted)
rElec    .         Harm     .   (no cloak)
rCorr    .         Rampage  .   (no gloves)
MR       .....     NoTele   +   (no boots)
Stlth    +.........             (no amulet)
HPRegen  0.07/turn              (no ring)
MPRegen  0.07/turn              (no ring)

@: no status effects
A: retaliatory headbutt, horns 2
a: Berserk, Trog's Hand, Renounce Religion


You were in the Dungeon.
You worshipped Trog.
Trog was pleased with you.
You visited 1 branch

Inventory:

Hand Weapons
 a - a +2 hand axe (weapon)
Armour
 b - a +0 animal skin (worn)
Scrolls
 h - a scroll of blinking
 j - 3 scrolls of remove curse
 k - a scroll of summoning
Potions
 c - a potion of curing
 d - a potion of heal wounds
 e - a potion of haste
 f - 4 potions of magic
 g - 3 potions of berserk rage
 i - 2 potions of invisibility


   Skills:
 + Level 4.6 Fighting
 + Level 4.7 Axes
 + Level 2.8 Armour
 + Level 2.5 Dodging


You couldn't memorise any spells.
You didn't know any spells.
Your spell library was empty.

Dungeon Overview and Level Annotations

Branches:
Dungeon (1/1)

Altars:


Innate Abilities, Weirdness & Mutations

You reflexively headbutt those who attack you in melee.
You have a pair of horns on your head.


Message History

The kobold hits you with a +0 short sword.
You barely miss the gnoll.
The gnoll is moderately wounded.
You hit the kobold.
You kill the kobold!
Trog accepts your kill. The gnoll hits you but does no damage.
You barely miss the gnoll.
The gnoll is moderately wounded.
The gnoll misses you. You furiously retaliate!
You headbutt the gnoll, but do no damage.
Unknown command.
You hit the gnoll.
The gnoll is severely wounded.
The gnoll hits you with a +0 club.
* * * LOW HITPOINT WARNING * * *
You hit the gnoll.
The gnoll is almost dead.
The gnoll hits you with a +0 club!
You die...

##########+##.........
#.?(.')))'.##......#..
##########.##.........
#...........'.........
#+#####'#####......#..
#.(.†.# #.........
#.....# ####'#####
###'### #.......#
#.g@).# #.......#
#.....# #.......#
####+## #...<...#
#.......# #.......#
#.......# #########


You could see a gnoll.

Vanquished Creatures
  An ooze (D)
  A kobold (D)
  A ball python (D)
  A frilled lizard (D)
4 creatures vanquished.

Notes
Turn   | Place    | Note
-------+----------+-------------------------------------------
     0 | D        | mhtbhm the Minotaur Berserker began the quest for the Orb.
     0 | D        | Reached XP level 1. HP: 19/19 MP: 0/0
    80 | D        | Reached ** piety under Trog
    92 | D        | Mangled by a gnoll

Illustrated notes

Levels and vault maps discovered:
D:        pitsprint [storerooms_1, entrance_room_1, metal_vault_1, armoury_1,
          mini_pit_1, grid_room_1, main_hall_1, silver_pit, the_coven_3,
          the_vestibule_1, steel_vault_2, golden_pit, hallway_of_sentries,
          crystal_vault_5, iron_vault_2, final_vault]

Skill      XL: |  1 |
---------------+----+-----
Fighting       | 4 |  4.6
Axes           | 4 |  4.7
Armour         | |  2.8
Dodging        | |  2.5

Action                   || total
-------------------------++-------
Melee: Hand axe          ||     9
Armor: Animal skin       ||     3
Dodge: Dodged            ||     6

Table legend: (Time is in decaauts)
 A = Elapsed time spent in this place.
 B = Non-inter-level travel time spent in this place.
 C = Inter-level travel time spent in this place.
 D = Time resting spent in this place.
 E = Time spent auto-exploring this place.
 F = Levels seen in this place.
 G = Mean time per level.
                   A        B        C        D        E       F      G
               +--------+--------+--------+--------+--------+-----+--------+
         Total |     92 |     92 |      0 |     16 |      0 |   1 |   92.0 |
       Dungeon |     92 |     92 |      0 |     16 |      0 |   1 |   92.0 |
               +--------+--------+--------+--------+--------+-----+--------+

Top non-repeatable levels by time:
       D: 92 daAuts
